 Dungeon Crawl Stone Soup version 0.25.1-2-g60ff931df9 (webtiles) character file.

Game seed: 11602543347703763023

5029 gruber the Basher (level 10, -3/77 HPs)
             Began as a Minotaur Fighter on Dec 2, 2020.
             Was a High Priest of Okawaru.
             Slain by a two-headed ogre
             ... wielding a +0 giant spiked club
              (16 damage)
             ... while paralysed by Pikel
             ... on level 9 of the Dungeon.
             The game lasted 00:09:09 (9760 turns).

gruber the Basher (Minotaur Fighter)                Turns: 9760, Time: 00:09:09

Health: -3/77      AC: 18    Str: 25    XL:     10   Next: 30%
Magic:  0/20       EV:  2    Int:  5    God:    Okawaru [*****.]
Gold:   515        SH:  0    Dex:  9    Spells: 9/9 levels left

rFire    + . .     SeeInvis .   L - +2 mace (vorpal)
rCold    + + .     Gourm    .   N - +1 kite shield {rC+}
rNeg     . . .     Faith    .   J - +0 plate armour
rPois    .         Spirit   +   (helmet restricted)
rElec    .         Reflect  .   t - scarf {rC+ rF+}
rCorr    .         Harm     .   (no gloves)
MR       .....                  O - +0 pair of boots
Stlth    ..........             z - amulet of guardian spirit
HPRegen  0.22/turn              E - ring of magical power
MPRegen  0.17/turn              M - +4 ring of protection

@: paralysed, marked, heavily drained
A: retaliatory headbutt, horns 2
a: Heroism, Finesse, Renounce Religion


You were on level 9 of the Dungeon.
You worshipped Okawaru.
Okawaru was extremely pleased with you.
You were not hungry.

You visited 1 branch of the dungeon, and saw 9 of its levels.
You also visited: Ossuary.

You collected 515 gold pieces.

Inventory:

Hand Weapons
 L - a +2 vorpal mace (weapon)
Missiles
 i - 5 atropa-tipped darts (quivered)
 I - 4 javelins
Armour
 t - a scarf of resistance (worn)
 J - a +0 plate armour (worn)
 N - a +1 kite shield of cold resistance (worn)
 O - a +0 pair of boots (worn)
Jewellery
 n - an uncursed amulet of reflection
 z - an amulet of guardian spirit (around neck)
 E - a ring of magical power (left hand)
 M - a +4 ring of protection (right hand)
 P - an uncursed ring of positive energy
Wands
 b - a wand of clouds (2)
 p - a wand of disintegration (14)
 F - a wand of enslavement (19)
 K - a wand of acid (7)
Scrolls
 e - 10 scrolls of remove curse
 g - 10 scrolls of identify {unknown}
 h - a scroll of enchant armour {unknown}
 j - 2 scrolls of enchant weapon {unknown}
 l - 2 scrolls of fear {unknown}
 o - 6 scrolls of teleportation {unknown}
 q - 4 scrolls of fog {unknown}
 s - 4 scrolls of blinking {unknown}
 w - 2 scrolls of noise {unknown}
 y - 2 scrolls of immolation {unknown}
 C - a scroll of torment {unknown}
 G - a scroll of vulnerability {unknown}
Potions
 c - a potion of cancellation {unknown}
 d - 3 potions of might
 k - a potion of ambrosia {unknown}
 m - 4 potions of haste {unknown}
 r - 9 potions of curing {unknown}
 u - 5 potions of heal wounds {unknown}
 v - 2 potions of degeneration {unknown}
 x - 3 potions of lignification {unknown}
 A - 2 potions of flight {unknown}
 B - 3 potions of mutation {unknown}
 D - 3 potions of resistance {unknown}
 H - 3 potions of brilliance {unknown}
Comestibles
 a - 2 chunks of flesh
 f - 19 rations


   Skills:
 - Level 3.6(1.0) Fighting
 - Level 11.0(7.9) Maces & Flails
 * Level 11.0(7.8) Armour
 - Level 10.0(6.9) Shields
 - Level 3.3(0.8) Invocations


You had 9 spell levels left.
You didn't know any spells.
Your spell library was empty.

Dungeon Overview and Level Annotations

Branches:
Dungeon (9/15)             Temple (0/1) D:5            Lair (0/6) D:8
Ossuary (visited)
    Orc: D:9-12

Altars:
Dithmenos
Gozag
Kikubaaqudgha
Nemelex Xobeh
Okawaru
Qazlal
Sif Muna
Vehumet
Xom
Zin
Beogh

Shops:
D:8 *

Annotations:
D:9 Pikel


Innate Abilities, Weirdness & Mutations

You reflexively headbutt those who attack you in melee.
You have a pair of horns on your head.


Message History

You block the two-headed ogre's attack.
The two-headed ogre hits you with a +0 giant spiked club!
A slave comes into view.
You hit the iguana. You headbutt the iguana!
You kill the iguana!
Okawaru accepts your kill.
Your base Armour skill increases to level 11!
Pikel zaps a wand.
You easily resist.
You block the two-headed ogre's attack.
The two-headed ogre hits you with a +0 giant spiked club.
Pikel hits you but does no damage.
You see here an iguana corpse.
Pikel zaps a wand.
You suddenly lose the ability to move!
The slave hits you but does no damage.
The two-headed ogre hits you with a +0 giant spiked club!
The two-headed ogre hits you with a +0 giant spiked club.
The slave hits you but does no damage.
The two-headed ogre hits you with a +0 giant spiked club!!
* * * LOW HITPOINT WARNING * * *
The two-headed ogre hits you with a +0 giant spiked club!!
You die...

.................................
................#####............
................# #............
................# #.####.......
................# #.# #.......
................# #.# #.......
.....####..##.pp# #.# #.......
.....# #..##.pO#####.# #..รท....
.....# #..##.Kp@.....# #..#####
.....# #..##...####..# #..#
.....# #..##...# #..# #..# .....#
#..##...# #..# #..# .....#
#..##...# #..# #.)# .....#
#.......# #..####..# .....#
#.......# #........#####
.....####.......# #.............
................####...##........


You could see a two-headed ogre, Pikel and 4 slaves.

Vanquished Creatures
  Maggie (D:9)
  A hungry ghost (D:8)
  A sky beast (D:8)
  3 orc warriors
  A hornet zombie (Ossuary)
  A black bear (D:8)
  A necrophage (D:7)
  4 ogres
  3 phantoms
  3 ice beasts
  2 centaurs
  2 crocodiles (D:8)
  A big kobold (D:7)
  A gnoll sergeant (D:8)
  2 bullfrogs (D:7)
  A water moccasin zombie (Ossuary)
  A wyvern skeleton (D:6)
  3 scorpions
  3 wights
  3 crimson imps
  7 orc priests
  2 centaur zombies
  A hound (D:8)
  Crazy Yiuf (D:7)
  7 bullfrog zombies
  A jelly (D:2)
  10 orc wizards
  A centaur skeleton (D:5)
  4 iguanas
  7 worker ants
  A killer bee zombie (D:8)
  3 hound zombies (Ossuary)
  4 hound skeletons
  12 mummies
  A howler monkey zombie (D:8)
  3 worker ant zombies
  13 gnolls
  A howler monkey skeleton (D:6)
  14 adders
  A shadow imp (D:5)
  An ooze (D:1)
  3 adder zombies
  A worm (D:4)
  4 dart slugs
  5 leopard geckos
  35 orcs
  2 ball pythons
  14 bats
  8 giant cockroaches
  14 goblins
  9 hobgoblins
  18 jackals
  4 quokkas
  5 frilled lizards
  A giant cockroach zombie (D:5)
  A hobgoblin zombie (D:4)
  A jackal skeleton (D:4)
  13 kobolds
  A kobold zombie (D:4)
  A leopard gecko zombie (Ossuary)
  A quokka skeleton (D:4)
  3 quokka zombies (Ossuary)
  11 rats
288 creatures vanquished.

Vanquished Creatures (others)
  A withered plant (Ossuary)
1 creature vanquished.

Grand Total: 289 creatures vanquished

Notes
Turn   | Place    | Note
-------+----------+-------------------------------------------
     0 | D:1      | gruber the Minotaur Fighter began the quest for the Orb.
     0 | D:1      | Reached XP level 1. HP: 19/19 MP: 0/0
   245 | D:1      | Reached XP level 2. HP: 17/26 MP: 1/1
   565 | D:1      | Reached XP level 3. HP: 31/31 MP: 2/2
  1253 | D:2      | Found an iron altar of Okawaru.
  1261 | D:2      | Reached XP level 4. HP: 38/39 MP: 3/3
  1286 | D:2      | Became a worshipper of Warmaster Okawaru
  1485 | D:2      | Reached XP level 5. HP: 42/45 MP: 4/4
  1889 | D:3      | Reached skill level 5 in Shields
  2082 | D:3      | You fall into a shaft and drop 1 floor!
  2104 | D:4      | Reached skill level 5 in Maces & Flails
  2149 | D:4      | Reached XP level 6. HP: 43/51 MP: 5/5
  2208 | D:4      | Found a sand-covered staircase.
  2212 | D:4      | Reached * piety under Okawaru
  2216 | Ossuary  | Entered an ossuary
  2224 | Ossuary  | Reached skill level 5 in Armour
  2382 | Ossuary  | Reached XP level 7. HP: 43/57 MP: 6/6
  2409 | Ossuary  | Reached ** piety under Okawaru
  2555 | Ossuary  | Reached skill level 1 in Invocations
  3191 | D:4      | Reached XP level 8. HP: 61/64 MP: 8/8
  3718 | D:5      | Entered Level 5 of the Dungeon
  3969 | D:3      | Found a stormy altar of Qazlal.
  4011 | D:3      | Found an ancient bone altar of Kikubaaqudgha.
  4028 | D:3      | Found a radiant altar of Vehumet.
  4031 | D:3      | Found a shimmering blue altar of Sif Muna.
  4380 | D:3      | Found a shimmering altar of Xom.
  4666 | D:5      | Found a shadowy altar of Dithmenos.
  5075 | D:5      | Reached *** piety under Okawaru
  5136 | D:5      | Found a staircase to the Ecumenical Temple.
  5582 | D:6      | Found a sparkling altar of Nemelex Xobeh.
  5816 | D:6      | Reached XP level 9. HP: 64/70 MP: 10/10
  5935 | D:6      | Received a gift from Okawaru
  5935 | D:6      | Reached skill level 10 in Maces & Flails
  7616 | D:7      | Reached **** piety under Okawaru
  7801 | D:7      | Found a runed translucent door.
  7802 | D:7      | Noticed Crazy Yiuf
  8223 | D:7      | Killed Crazy Yiuf
  8223 | D:7      | Reached skill level 10 in Shields
  8412 | D:8      | Found an opulent altar of Gozag.
  8412 | D:8      | Found a glowing silver altar of Zin.
  8577 | D:8      | Found a staircase to the Lair.
  8702 | D:8      | Found Cijicufa's General Store.
  8828 | D:8      | Reached XP level 10. HP: 77/77 MP: 11/11
  9176 | D:9      | Noticed Maggie
  9312 | D:8      | Reached skill level 10 in Armour
  9390 | D:9      | Killed Maggie
  9573 | D:9      | Found a roughly hewn altar of Beogh.
  9748 | D:9      | Noticed a two-headed ogre
  9748 | D:9      | Noticed Pikel
  9749 | D:9      | Reached ***** piety under Okawaru
  9757 | D:9      | Paralysed by Pikel for 6 turns
  9760 | D:9      | Slain by a two-headed ogre

Illustrated notes

Levels and vault maps discovered:
D:1:      dpeg_cavernosity, layout_rooms, minmay_misc_feat_roman
D:2:      layout_basic, okawaru_gym_becter, nicolae_overflow_hidden_temple
D:3:      layout_loops_ring, grunt_temple_overflow_cloverleaf, tgw_xom
D:4:      layout_basic, nicolae_ossuary_entry_giza, minmay_misc_feat_chi
D:5:      layout_basic, grunt_dithmenos_smoke,
          minmay_temple_entry_statues_fountains, first_ration
D:6:      cheibrodos_quashed, layout_gridville, old_standard_altar
D:7:      layout_layer_cave, uniq_crazy_yiuf_cottage
D:8:      layout_loops_ring, grunt_temple_overflow_gold_and_silver,
          lair_entry_dummy, serial_shops, shop
D:9:      layout_long_grid, david_defended_altar_orc, uniq_maggie, uniq_pikel

Skill      XL: |  1  2  3  4  5  6  7  8  9 10 |
---------------+-------------------------------+-----
Armour         | 4 5 7 9 11 | 11.0
Shields        | 4 5 6 7 8 10 | 10.0
Maces & Flails | 3 4 5 6 8 9 11 | 11.0
Invocations    | 1 3 |  3.3
Fighting       | |  3.6

Action                   |  1- 3 |  4- 6 |  7- 9 | 10-12 || total
-------------------------+-------+-------+-------+-------++-------
Melee: Flail             |    92 |   175 |   390 |       ||   657
       Headbutt          |    13 |    31 |   119 |    21 ||   184
       Mace              |       |       |   207 |    95 ||   302
Invok: Heroism           |       |       |     2 |     1 ||     3
  Use: Scroll            |       |     1 |       |     1 ||     2
  Eat: Chunk             |     1 |     4 |    18 |     4 ||    27
       Ration            |       |       |     1 |       ||     1
Armor: Scale mail        |    39 |    45 |    40 |       ||   124
       Plate armour      |       |       |   175 |    53 ||   228
Dodge: Dodged            |    25 |    40 |   114 |    15 ||   194
Block: Kite shield       |    59 |   136 |   346 |    44 ||   585
       Reflection        |     1 |       |       |       ||     1
